 Dungeon Crawl Stone Soup version 0.26-a0-660-gc07710193c (webtiles) character file.

Game seed: 8655614875341555342

80 Gargoyl the Skirmisher (level 4, -5/41 HPs)
             Began as a Gnoll Abyssal Knight on Oct 8, 2020.
             Was a Follower of Lugonu.
             Killed by nerve-wracking pain
             ... invoked by an orc priest
              (13 damage)
             ... on level 3 of the Dungeon.
             The game lasted 00:02:55 (2317 turns).

Gargoyl the Skirmisher (Gnoll Abyssal Knight)       Turns: 2317, Time: 00:02:56

Health: -5/41      AC:  9    Str: 15    XL:     4   Next: 39%
Magic:  7/7        EV: 10    Int: 14    God:    Lugonu [*.....]
Gold:   86         SH:  0    Dex: 15    Spells: 5/5 levels left

rFire    . . .     SeeInvis .   a - +1 hand axe
rCold    . . .     Faith    .   (no shield)
rNeg     . . .     Spirit   .   c - +2 scale mail {MR+}
rPois    .         Reflect  .   (no helmet)
rElec    .         Harm     .   (no cloak)
rCorr    .         Rampage  .   (no gloves)
MR       +....                  (no boots)
Stlth    ..........             (no amulet)
HPRegen  0.13/turn              g - ring of flight
MPRegen  0.10/turn              (no ring)

@: no status effects
A: distributed training, fangs 1, strong nose
a: Depart the Abyss, Renounce Religion, Evoke Flight


You were on level 3 of the Dungeon.
You worshipped Lugonu.
Lugonu was aware of your devotion.
You visited 1 branch of the dungeon, and saw 3 of its levels.
You visited the Abyss 1 time.

You collected 86 gold pieces.

Inventory:

Hand Weapons
 a - a +1 hand axe (weapon)
Missiles
 j - 6 javelins (quivered)
Armour
 c - a +2 scale mail of magic resistance (worn)
Jewellery
 g - a ring of flight (left hand)
 h - an uncursed ring of protection from fire {unknown}
 m - an uncursed ring of see invisible {unknown}
Scrolls
 d - 7 scrolls of identify
 e - 2 scrolls of enchant weapon {unknown}
 i - a scroll of fear {unknown}
 l - a scroll of magic mapping
 n - a scroll of teleportation {unknown}
 o - a scroll of enchant armour
Potions
 b - a potion of resistance {unknown}
 f - 2 potions of might
 k - 2 potions of invisibility {unknown}


   Skills:
 + Level 6.6 Fighting
 + Level 1.1 Short Blades
 + Level 1.1 Long Blades
 + Level 4.6 Axes
 + Level 1.1 Maces & Flails
 + Level 1.1 Polearms
 + Level 1.1 Staves
 + Level 1.1 Slings
 + Level 1.1 Bows
 + Level 1.1 Crossbows
 + Level 1.1 Throwing
 + Level 4.6 Armour
 + Level 2.7 Dodging
 + Level 1.1 Stealth
 + Level 1.1 Shields
 + Level 1.1 Unarmed Combat
 + Level 1.1 Spellcasting
 + Level 0.9 Conjurations
 + Level 0.9 Hexes
 + Level 0.9 Summonings
 + Level 0.9 Necromancy
 + Level 0.9 Translocations
 + Level 0.9 Transmutations
 + Level 0.9 Fire Magic
 + Level 0.9 Ice Magic
 + Level 0.9 Air Magic
 + Level 0.9 Earth Magic
 + Level 0.9 Poison Magic
 + Level 4.7 Invocations
 + Level 1.1 Evocations


You had 5 spell levels left.
You didn't know any spells.
Your spell library was empty.

Dungeon Overview and Level Annotations

Branches:
Dungeon (3/15)

Altars:
Cheibriados
Elyvilon
Nemelex Xobeh
Yredelemnul


Innate Abilities, Weirdness & Mutations

Your experience applies equally to all skills.
You have very sharp teeth.
Your uncanny sense of smell can sniff out nearby items.


Message History

The orc priest hits you but does no damage.
Your scale mail prevents you from hitting the orc priest.
The orc priest is moderately wounded.
The orc priest miscasts a cantrip.
You slash the orc priest!
The orc priest is almost dead.
The orc priest calls down the wrath of Beogh upon you.
Beogh smites you!
Unknown command.
You barely miss the orc priest.
The orc priest is almost dead.
The orc priest calls down the wrath of Beogh upon you.
Beogh smites you!
* * * LOW HITPOINT WARNING * * *
Unknown command.
You hit the orc priest.
The orc priest is almost dead.
The orc priest calls down the wrath of Beogh upon you.
Pain shoots through your body!
You die...

### .... #+# .....
######.###########b.....
.....#.?........@oo.(...
.....#.###########w.....
..####.# ..... .....#.#
.... #.##.#.# ###
#.##.#.# ...#.#.#
#..#.#.# #..#.#.#


You could see an orc priest, a dart slug, an orc and a bat.

Vanquished Creatures
  3 adders (D:2)
  An ufetubus (Abyss:1)
  A worm (D:2)
  3 dart slugs (D:1)
  A leopard gecko (D:2)
  3 orcs (D:3)
  4 bats
  3 giant cockroaches
  3 goblins
  4 hobgoblins
  A quokka (D:2)
  A frilled lizard (D:2)
  4 kobolds (D:2)
  2 rats
34 creatures vanquished.

Notes
Turn   | Place    | Note
-------+----------+-------------------------------------------
     0 | Abyss:1  | Gargoyl the Gnoll Abyssal Knight began the quest for the
                  | Orb.
     0 | Abyss:1  | Reached XP level 1. HP: 23/23 MP: 3/3
   188 | Abyss:1  | Noticed a chaos spawn
   207 | D:1      | Escaped the Abyss
   291 | D:1      | Reached XP level 2. HP: 26/29 MP: 5/5
   695 | D:1      | Reached * piety under Lugonu
   834 | D:1      | Reached XP level 3. HP: 33/35 MP: 6/6
  1000 | D:1      | Found a snail-covered altar of Cheibriados.
  1486 | D:2      | Found a sparkling altar of Nemelex Xobeh.
  1544 | D:2      | Reached skill level 1 in Short Blades
  1544 | D:2      | Reached skill level 1 in Long Blades
  1544 | D:2      | Reached skill level 1 in Maces & Flails
  1544 | D:2      | Reached skill level 1 in Polearms
  1544 | D:2      | Reached skill level 1 in Staves
  1544 | D:2      | Reached skill level 1 in Slings
  1544 | D:2      | Reached skill level 1 in Bows
  1544 | D:2      | Reached skill level 1 in Crossbows
  1544 | D:2      | Reached skill level 1 in Throwing
  1544 | D:2      | Reached skill level 1 in Stealth
  1544 | D:2      | Reached skill level 1 in Shields
  1544 | D:2      | Reached skill level 1 in Unarmed Combat
  1544 | D:2      | Reached skill level 1 in Spellcasting
  1544 | D:2      | Reached skill level 1 in Evocations
  1638 | D:2      | Reached XP level 4. HP: 41/41 MP: 7/7
  2000 | D:2      | Found a white marble altar of Elyvilon.
  2078 | D:2      | Found a basalt altar of Yredelemnul.
  2317 | D:3      | Killed from afar by an orc priest

Illustrated notes

Levels and vault maps discovered:
D:1:      roderic_octagonal_star, layout_basic, cheibriados_altar_1
D:2:      layout_loops_corners, kennysheep_ying_yang,
          nemelex_xobeh_ov_fountains_minmay
D:3:      layout_basic, lemuel_round_altar, minmay_box_of_dots

Skill      XL: |  1  2  3 |
---------------+----------+-----
Short Blades   | 1 |  1.1
Long Blades    | 1 |  1.1
Maces & Flails | 1 |  1.1
Polearms       | 1 |  1.1
Staves         | 1 |  1.1
Slings         | 1 |  1.1
Bows           | 1 |  1.1
Crossbows      | 1 |  1.1
Throwing       | 1 |  1.1
Stealth        | 1 |  1.1
Shields        | 1 |  1.1
Unarmed Combat | 1 |  1.1
Spellcasting   | 1 |  1.1
Evocations     | 1 |  1.1
Fighting       | |  6.6
Axes           | |  4.6
Armour         | |  4.6
Dodging        | |  2.7
Conjurations   | |  0.9
Hexes          | |  0.9
Summonings     | |  0.9
Necromancy     | |  0.9
Translocations | |  0.9
Transmutations | |  0.9
Fire Magic     | |  0.9
Ice Magic      | |  0.9
Air Magic      | |  0.9
Earth Magic    | |  0.9
Poison Magic   | |  0.9
Invocations    | |  4.7

Action                   |  1- 3 |  4- 6 || total
-------------------------+-------+-------++-------
Melee: Hand axe          |    86 |    43 ||   129
       Bite              |    13 |     6 ||    19
Invok: Depart the Abyss  |     1 |       ||     1
  Use: Scroll            |     7 |       ||     7
Armor: Scale mail        |    39 |    15 ||    54
Dodge: Dodged            |    50 |    19 ||    69

Table legend: (Time is in decaauts)
 A = Elapsed time spent in this place.
 B = Non-inter-level travel time spent in this place.
 C = Inter-level travel time spent in this place.
 D = Time resting spent in this place.
 E = Time spent auto-exploring this place.
 F = Levels seen in this place.
 G = Mean time per level.
                   A        B        C        D        E       F      G
               +--------+--------+--------+--------+--------+-----+--------+
         Total |   2315 |   2232 |     83 |     68 |   1773 |   4 |  578.8 |
       Dungeon |   2106 |   2023 |     83 |     68 |   1595 |   3 |  702.0 |
         Abyss |    208 |    208 |      0 |      0 |    177 |   1 |  208.0 |
               +--------+--------+--------+--------+--------+-----+--------+

Top non-repeatable levels by time:
     D:2: 1164 daAuts
     D:1: 851 daAuts
 Abyss:1: 208 daAuts
     D:3: 89 daAuts
